 Dungeon Crawl Stone Soup version 0.29-a0-994-gc5c9f59d18 (webtiles) character file.

Game seed: 15503265486504837718

457 MisterAzrael the Magician (level 6, -6/32 HPs)
             Began as a Deep Elf Air Elementalist on Aug 3, 2022.
             Mangled by an ogre
             ... wielding a +0 giant club
              (34 damage)
             ... on level 5 of the Dungeon.
             The game lasted 00:05:38 (5423 turns).

MisterAzrael the Magician (DEAE)                    Turns: 5423, Time: 00:05:39

Health: -6/32      AC:  2    Str:  5    XL:     6   Next: 77%
Magic:  10/16      EV: 13    Int: 22    God:
Gold:   198        SH:  5    Dex: 21    Spells: 5/15 levels left

rFire   + . .      SeeInvis .   k - +0 rapier
rCold   . . .      Faith    .   (no shield)
rNeg    . . .      Spirit   .   a - +0 robe
rPois   .          Reflect  +   (no helmet)
rElec   .          Harm     .   (no cloak)
rCorr   .          Rampage  .   (no gloves)
Will    .....                   (no boots)
Stlth   +++.......              l - amulet of reflection
HPRegen 0.10/turn               j - ring of protection from fire
MPRegen 0.15/turn               r - +6 ring of dexterity

@: no status effects
A: no striking features
a: no special abilities


You were on level 5 of the Dungeon.
You visited 1 branch of the dungeon, and saw 5 of its levels.

You collected 198 gold pieces.

Inventory:

Hand Weapons
 k - a +0 rapier (weapon)
Armour
 a - a +0 robe (worn)
Jewellery
 j - a ring of protection from fire (left hand)
 l - an amulet of reflection (around neck)
 r - a +6 ring of dexterity (right hand)
Scrolls
 d - 2 scrolls of fear {unknown}
 f - a scroll of teleportation {unknown}
 g - 2 scrolls of identify {unknown}
 n - 2 scrolls of noise {unknown}
 o - a scroll of torment {unknown}
 q - 2 scrolls of immolation {unknown}
 s - a scroll of enchant weapon {unknown}
 u - a scroll of enchant armour {unknown}
 v - a scroll of poison {unknown}
 x - a scroll of summoning {unknown}
Potions
 b - a potion of ambrosia {unknown}
 c - 2 potions of cancellation {unknown}
 e - a potion of mutation {unknown}
 h - 3 potions of berserk rage {unknown}
 i - a potion of might {unknown}
 m - a potion of degeneration {unknown}
 p - 2 potions of brilliance {unknown}
 t - a potion of curing {unknown}
 w - a potion of lignification {unknown}


   Skills:
 - Level 2.7 Dodging
 - Level 2.7 Stealth
 + Level 5.4 Spellcasting
 * Level 5.3 Conjurations
 * Level 0.8 Hexes
 + Level 4.5 Air Magic


You had 5 spell levels left.
You knew the following spells:

 Your Spells              Type           Power      Damage    Failure   Level
a - Shock                 Conj/Air       100%       1d9       1%          1
b - Static Discharge      Conj/Air       27%        3-7/arc   1%          2
c - Airstrike             Air            12%        2d(2-18)  16%         4
d - Tukima's Dance        Hex            9%         N/A       21%         3

Your spell library contained the following spells:

 Spells                   Type           Power      Damage    Failure   Level
 Swiftness                Air            25%        N/A       4%          3
 Portal Projectile        Hex/Tloc       14%        N/A       24%         3
 Blade Hands              Tmut           2%         N/A       95%         5


Dungeon Overview and Level Annotations

Branches:
Dungeon (5/15)
 Temple: D:4-7

Altars:
Dithmenos


Message History

Done exploring.
Done exploring.
No target in view!
(D) Dungeon
Where to? (Enter - D:4, ? - help)
What level of the Dungeon? (default 1, ? - help)
Things that are here:
a +0 whip; 4 stones You see here a +0 short sword.
Things that are here:
a +0 mace; a hobgoblin skeleton
There is a stone staircase leading down here.
You climb downwards.
Found a stone staircase leading down.
There is a stone staircase leading up here.
An ogre comes into view. It is wielding a +0 giant club.
An ogre is nearby!
Found 18 gold pieces.
The zap hits the ogre.
The ogre is lightly wounded.
The ogre shouts!
Something shouts, "Submit, thou pandering fat-kidneyed pigeon-egg!"
You hear a shout!
The zap misses the ogre.
The zap hits the ogre.
The ogre is moderately wounded.
The zap hits the ogre!
The ogre is severely wounded.
An adder comes into view.
A white imp comes into view.
The zap misses the ogre.
The zap hits the adder!
The adder is severely wounded.
The adder hisses angrily.
Casting: Shock (safe; 1% risk of failure)
Confirm with . or Enter, or press ? or * to list all spells.
The ogre is struck by an arc of lightning.
The ogre is severely wounded.
You are struck by an arc of lightning.
The lightning grounds out.
The ogre hits you with a +0 giant club!!
Ouch! That really hurt!
You die...

## ###...
#......
###.......
#......... #.##
#.........
.....##<........
#............
##...@.......
##..O..>....
##.........
#.....###.
##S...# #....#
#....5 #...$.~


You could see an ogre, an adder and a white imp.

Vanquished Creatures
  An ogre (D:4)
  A jelly (D:4)
  A hound (D:4)
  Jessica (D:2)
  An orc wizard (D:3)
  3 iguanas
  7 adders
  3 gnolls (D:4)
  An ufetubus (D:3)
  3 worms
  4 dart slugs
  3 orcs (D:3)
  7 ball pythons
  12 endoplasms
  3 giant cockroaches
  4 goblins
  4 hobgoblins
  6 jackals
  5 kobolds
  A quokka (D:2)
  3 bats
  5 frilled lizards
  3 rats
82 creatures vanquished.

Vanquished Creatures (others)
  44 plants
44 creatures vanquished.

Grand Total: 126 creatures vanquished

Notes
Turn   | Place    | Note
-------+----------+-------------------------------------------
     0 | D:1      | MisterAzrael the Deep Elf Air Elementalist began the quest
                  | for the Orb.
     0 | D:1      | Reached XP level 1. HP: 10/10 MP: 6/6
   375 | D:1      | Reached XP level 2. HP: 15/15 MP: 5/8
  1378 | D:1      | Found a shadowy altar of Dithmenos.
  1412 | D:2      | Noticed Jessica
  1414 | D:2      | Killed Jessica
  1415 | D:2      | Reached XP level 3. HP: 19/19 MP: 7/10
  1793 | D:2      | Reached XP level 4. HP: 6/24 MP: 2/11
  2820 | D:3      | Reached XP level 5. HP: 27/28 MP: 6/13
  2936 | D:3      | Learned a level 2 spell: Static Discharge
  2941 | D:3      | Learned a level 4 spell: Airstrike
  3796 | D:4      | Noticed an ogre
  3817 | D:4      | Killed an ogre
  3818 | D:4      | Reached skill level 5 in Spellcasting
  3818 | D:4      | Reached XP level 6. HP: 5/32 MP: 8/15
  4270 | D:4      | Reached skill level 5 in Conjurations
  4769 | D:4      | Learned a level 3 spell: Tukima's Dance
  5415 | D:5      | Entered Level 5 of the Dungeon
  5423 | D:5      | Mangled by an ogre

Illustrated notes

Levels and vault maps discovered:
D:1:      dpeg_arrival_water_altar, layout_basic, serial_forest,
          infiniplex_forest_straight_1, infiniplex_forest_lined_room_3,
          infiniplex_forest_lined_room_2, infiniplex_forest_zigzag_1,
          infiniplex_forest_clump_large, infiniplex_forest_clump_long,
          infiniplex_forest_clump_medium, infiniplex_forest_straight_2,
          chequers_serial_rivers_micro_a, minmay_misc_feat_enclosed,
          grunt_decor_fettered
D:2:      layout_rooms, uniq_jessica
D:3:      layout_rooms
D:4:      layout_basic, serial_bayou_lagoon_a
D:5:      layout_layer_cave, gammafunk_temple_overflow_claw,
          minmay_temple_entry_water_ring

Skill      XL: |  1  2  3  4  5  6 |
---------------+-------------------+-----
Conjurations   | 2 3 4 5 |  5.3
Spellcasting   | 4 5 |  5.4
Air Magic      | 4 |  4.5
Dodging        | |  2.7
Stealth        | |  2.7
Hexes          | |  0.8

Action                   |  1- 3 |  4- 6 || total
-------------------------+-------+-------++-------
Melee: Rapier            |       |     6 ||     6
 Cast: Shock             |    67 |   107 ||   174
       Static Discharge  |       |    24 ||    24
  Use: Potion            |       |     1 ||     1
 Stab: Sleeping          |       |     1 ||     1
Armor: Robe              |       |     3 ||     3
Dodge: Dodged            |     8 |    27 ||    35
Block: Other             |       |     9 ||     9

Table legend: (Time is in decaauts)
 A = Elapsed time spent in this place.
 B = Non-inter-level travel time spent in this place.
 C = Inter-level travel time spent in this place.
 D = Time resting spent in this place.
 E = Time spent auto-exploring this place.
 F = Levels seen in this place.
 G = Mean time per level.
                   A        B        C        D        E       F      G
               +--------+--------+--------+--------+--------+-----+--------+
         Total |   5439 |   5326 |    113 |    960 |   3869 |   5 | 1087.8 |
       Dungeon |   5439 |   5326 |    113 |    960 |   3869 |   5 | 1087.8 |
               +--------+--------+--------+--------+--------+-----+--------+

Top non-repeatable levels by time:
     D:4: 2186 daAuts
     D:1: 1415 daAuts
     D:2: 1021 daAuts
     D:3: 808 daAuts
     D:5: 7 daAuts
